 Dungeon Crawl Stone Soup version 0.29-a0-909-g30c7767f5c (webtiles) character file.

Game seed: 11258154631507962678

14 solenodon19 the Ruffian (level 2, 0/23 HPs)
             Began as a Draconian Transmuter on July 24, 2022.
             Slain by a hobgoblin (3 damage)
             ... on level 2 of the Dungeon on July 25, 2022.
             The game lasted 00:07:32 (269 turns).

solenodon19 the Ruffian (Draconian Transmuter)       Turns: 269, Time: 00:07:32

Health: 0/23       AC:  4    Str: 12    XL:     2   Next: 31%
Magic:  5/5        EV: 12    Int: 13    God:
Gold:   0          SH:  0    Dex: 11    Spells: 4/5 levels left

rFire   . . .      SeeInvis .   h - +0 dagger (flame)
rCold   . . .      Faith    .   (no shield)
rNeg    . . .      Spirit   .   (body armour unavailable)
rPois   .          Reflect  .   (helmet restricted)
rElec   .          Harm     .   (no cloak)
rCorr   .          Rampage  .   (no gloves)
Will    .....                   (no boots)
Stlth   +.........              (no amulet)
HPRegen 0.07/turn               (no ring)
MPRegen 0.09/turn               (no ring)

@: no status effects
A: AC +4, unfitting armour, cold-blooded
a: no special abilities


You were on level 2 of the Dungeon.
You visited 1 branch of the dungeon, and saw 2 of its levels.

Inventory:

Hand Weapons
 g - a +0 club
 h - a +0 dagger of flaming (weapon)
Armour
 b - a +0 leather armour
 e - a +0 buckler
 i - a +0 ring mail
Jewellery
 f - an amulet of magic regeneration
Scrolls
 d - a scroll of identify
 j - a scroll of silence
Potions
 a - a potion of lignification
 c - 2 potions of degeneration


   Skills:
 + Level 1.1 Fighting
 + Level 2.0 Dodging
 + Level 3.4 Unarmed Combat
 + Level 2.1 Spellcasting
 + Level 2.1 Transmutations


You had 4 spell levels left.
You knew the following spells:

 Your Spells              Type           Power      Damage    Failure   Level
a - Beastly Appendage     Tmut           14%        N/A       11%         1

Your spell library contained the following spells:

 Spells                   Type           Power      Damage    Failure   Level
 Wereblood                Tmut           7%         N/A       16%         2
 Spider Form              Tmut/Pois      4%         N/A       43%         3
 Ice Form                 Ice/Tmut       4%         N/A       85%         4


Dungeon Overview and Level Annotations

Branches:
Dungeon (2/15)

Altars:


Innate Abilities, Weirdness & Mutations

Your plain brown scales are hard. (AC +4)
You cannot fit into any form of body armour.
You are cold-blooded and may be slowed by cold attacks.


Message History

c - 2 potions of degeneration Unknown command.
As you read the scroll labelled ROAPNIOKKA, it crumbles to dust.
It is a scroll of brand weapon.
Really abort (and waste the scroll)? [Y]es or [N]o only, please.
Really abort (and waste the scroll)?
Uppercase [Y]es or [N]o only, please.
Really abort (and waste the scroll)?
Uppercase [Y]es or [N]o only, please.
Really abort (and waste the scroll)?
Uppercase [Y]es or [N]o only, please.
Really abort (and waste the scroll)?
Uppercase [Y]es or [N]o only, please.
Really abort (and waste the scroll)?
Uppercase [Y]es or [N]o only, please.
Really abort (and waste the scroll)?
Your +0 dagger is engulfed in flames!
h - a +0 dagger of flaming A kobold comes into view.
It is wielding a +0 club.
Your +0 dagger of flaming bursts into flame!
h - a +0 dagger of flaming (weapon)
The goblin hits you with a +0 dagger.
* * * LOW HITPOINT WARNING * * *
The hobgoblin closely misses you.
You barely miss the goblin. You punch the goblin, but do no damage.
The goblin barely misses you. The hobgoblin hits you.
* * * LOW HITPOINT WARNING * * *
You hit the hobgoblin but do no damage. The hobgoblin closely misses you.
The goblin hits you but does no damage.
You hit the goblin. You burn the goblin.
The goblin is severely wounded.
The goblin closely misses you. The hobgoblin closely misses you.
You hit the hobgoblin. You burn the hobgoblin. You tail-slap the hobgoblin.
The hobgoblin is heavily wounded.
The hobgoblin barely misses you. The goblin closely misses you.
You barely miss the goblin. Your punch misses the goblin.
The goblin is severely wounded.
The goblin barely misses you. The hobgoblin hits you.
You die...

#.# #.##
##..## #....#
#..#.## #
#..#..## .#
##(.#..##.# .
##.##....#....
#....@.......
##..g#g......
###.........
....#.....
.....#.....
##..........
#..........
.........##


You could see a hobgoblin and a goblin.

Vanquished Creatures
  A worm (D:2)
  2 endoplasms (D:1)
  A giant cockroach (D:1)
  A goblin (D:1)
  2 bats (D:1)
  A frilled lizard (D:1)
  2 kobolds (D:1)
  A rat (D:1)
11 creatures vanquished.

Notes
Turn   | Place    | Note
-------+----------+-------------------------------------------
     0 | D:1      | solenodon19 the Draconian Transmuter began the quest for
                  | the Orb.
     0 | D:1      | Reached XP level 1. HP: 16/16 MP: 3/3
   164 | D:1      | Reached XP level 2. HP: 6/23 MP: 5/5
   197 | D:1      | Upgraded the game from 0.29-a0-902-g0f71de6fce to
                  | 0.29-a0-909-g30c7767f5c
   269 | D:2      | Slain by a hobgoblin

Illustrated notes

Levels and vault maps discovered:
D:1:      dpeg_arrival_round_c, layout_basic
D:2:      layout_rooms, hellmonk_ecumenical_altar_heavens_door, uniq_terence

Skill      XL: |  1  2 |
---------------+-------+-----
Dodging        | 2 |  2.0
Fighting       | |  1.1
Unarmed Combat | |  3.4
Spellcasting   | |  2.1
Transmutations | |  2.1

Action                   || total
-------------------------++-------
Melee: Unarmed           ||    48
       Punch             ||     3
       Tailslap          ||     2
       Dagger            ||     5
  Use: Scroll            ||     4
Armor: Skin              ||    24
Dodge: Dodged            ||    33

Table legend: (Time is in decaauts)
 A = Elapsed time spent in this place.
 B = Non-inter-level travel time spent in this place.
 C = Inter-level travel time spent in this place.
 D = Time resting spent in this place.
 E = Time spent auto-exploring this place.
 F = Levels seen in this place.
 G = Mean time per level.
                   A        B        C        D        E       F      G
               +--------+--------+--------+--------+--------+-----+--------+
         Total |    266 |    118 |    148 |      0 |      0 |   2 |  133.0 |
       Dungeon |    266 |    118 |    148 |      0 |      0 |   2 |  133.0 |
               +--------+--------+--------+--------+--------+-----+--------+

Top non-repeatable levels by time:
     D:1: 235 daAuts
     D:2: 31 daAuts
